 Dungeon Crawl Stone Soup version 0.28-a0-48-gfd831c5874 (webtiles) character file.

Game seed: 13150552077642587610

231 Spectrina the Sneak (level 5, -1/31 HPs)
             Began as a Deep Elf Delver on July 30, 2021.
             Slain by an orc (2 damage)
             ... on level 4 of the Dungeon.
             The game lasted 00:07:25 (862 turns).

Spectrina the Sneak (Deep Elf Delver)                Turns: 862, Time: 00:07:25

Health: -1/31      AC:  3    Str: 13    XL:     5   Next: 72%
Magic:  11/11      EV: 12    Int: 16    God:
Gold:   69         SH:  0    Dex: 16    Spells: 10/10 levels left

rFire   . . .      SeeInvis .   n - +8 quarterstaff "Viaph" {venom, Str+4}
rCold   . . .      Faith    .   (shield currently unavailable)
rNeg    . . .      Spirit   .   b - +0 leather armour
rPois   .          Reflect  .   (no helmet)
rElec   .          Harm     .   (no cloak)
rCorr   .          Rampage  .   (no gloves)
Will    .....                   (no boots)
Stlth   +++.......              (no amulet)
HPRegen 0.10/turn               (no ring)
MPRegen 0.12/turn               (no ring)

@: no status effects
A: no striking features
a: no special abilities


You were on level 4 of the Dungeon.
You visited 1 branch of the dungeon, and saw 3 of its levels.

You collected 69 gold pieces.

Inventory:

Hand Weapons
 a - a +0 short sword
 n - the +8 quarterstaff "Viaph" (weapon) {venom, Str+4}
   (You found it on level 5 of the Dungeon)

   It poisons the flesh of those it strikes.
   Str:       It affects your strength (+4).
 q - a +2 quarterstaff of draining
 v - a +0 arbalest
Missiles
 i - 6 datura-tipped darts (quivered)
 j - 13 sling bullets
 r - 23 stones
 t - 17 arrows
Armour
 b - a +0 leather armour (worn)
Magical Staves
 w - a staff of poison
Jewellery
 k - the ring "Feyshroit" {Fire rPois Will+ rCorr Str-2}
   (You found it on level 5 of the Dungeon)

   [ring of fire]

   It enhances your fire magic.
   Str:       It affects your strength (-2).
   rF:        It protects you from fire.
   rC:        It makes you vulnerable to cold.
   rPois:     It protects you from poison.
   rCorr:     It protects you from acid and corrosion.
   Will:      It increases your willpower.
Wands
 g - a wand of digging (3)
 l - a wand of flame (15)
Scrolls
 c - a scroll of fog
 d - a scroll of magic mapping
 e - a scroll of fear
 h - a scroll of amnesia {unknown}
 o - 2 scrolls of torment {unknown}
 u - a scroll of vulnerability {unknown}
Potions
 f - a potion of haste
 m - a potion of might {unknown}
 p - a potion of curing {unknown}
 s - 2 potions of ambrosia {unknown}


   Skills:
 - Level 2.4 Fighting
 - Level 2.0 Short Blades
 - Level 2.4 Dodging
 - Level 6.0 Stealth
 + Level 3.0 Spellcasting
 * Level 3.7 Conjurations
 * Level 3.7 Fire Magic


You had 10 spell levels left.
You didn't know any spells.
Your spell library contained the following spells:

 Spells                   Type           Power      Damage    Failure   Level
 Fireball                 Conj/Fire      7%         3d5       80%         5
 Starburst                Conj/Fire      7%         8x6d4     100%        6
 Ignition                 Fire           7%         3d4       100%        8


Dungeon Overview and Level Annotations

Branches:
Dungeon (5/15)
 Temple: D:4-7

Altars:


Message History

There is an open door here.
There is a stone staircase leading up here.
You feel stronger.
The +8 quarterstaff "Viaph" {venom, Str+4} begins to drip with poison!
n - the +8 quarterstaff "Viaph" (weapon)
{venom, Str+4}
Okay, then.
You climb upwards.
The orc shouts!
A rat, a hobgoblin, 2 orcs and an orc wizard come into view.
The orc wizard shouts!
The hobgoblin shouts!
The orc wizard hits you but does no damage.
Found 25 sling bullets.
Found an escape hatch in the floor.
There is a stone staircase leading down here.
Unknown command.
Unknown command.
You closely miss the orc wizard.
The orc shouts! x2
The orc wizard misses you.
Unknown command.
The orc wizard closely misses you. The orc closely misses you.
You climb downwards.
There is a stone staircase leading up here.
Unknown command.
You thump the orc wizard!
The orc wizard is almost dead.
The orc wizard hits you with a +0 dagger.
The orc barely misses you.
The orc wizard hits you with a +0 dagger.
* * * LOW HITPOINT WARNING * * *
Unknown command.
You thump the orc wizard!
You kill the orc wizard!
The orc hits you with a +0 whip.
* * * LOW HITPOINT WARNING * * *
Your Spellcasting skill increases to level 3!
Unknown command.
You barely miss the orc. The orc hits you with a +0 whip.
* * * LOW HITPOINT WARNING * * *
The orc hits you with a +0 whip.
You die...

#............# #.#######...##
.. #.# ##..## .# #.# ##...##
.# ###.# ##.....## #.# ##...#
##.......## ##..#
#...####.........####...##
.......+.......).'.......####
#...####>.......@####†.......
##.## ##......o## ##..####.
#.# ##.....## #...# #.#
##>..## ...... #.# ##+##
#.### #.# .# #


You could see an orc.

Vanquished Creatures
  An ogre (D:4)
  A scorpion (D:4)
  A jelly (D:5)
  An iguana (D:4)
  An orc wizard (D:4)
  2 endoplasms (D:4)
  A goblin (D:4)
  A hobgoblin (D:4)
  2 jackals (D:4)
  A kobold (D:4)
12 creatures vanquished.

Vanquished Creatures (collateral kills)
  An orc (D:5)
1 creature vanquished.

Grand Total: 13 creatures vanquished

Notes
Turn   | Place    | Note
-------+----------+-------------------------------------------
     0 | D:5      | Spectrina the Deep Elf Delver began the quest for the Orb.
     0 | D:5      | Reached XP level 1. HP: 13/13 MP: 3/3
    22 | D:5      | Noticed an ice beast
    86 | D:5      | Identified the ring "Feyshroit" {Fire rPois Will+ rCorr
                  | Str-2}
   190 | D:5      | Noticed an iguana
   210 | D:5      | Noticed an ogre
   225 | D:5      | Noticed a hound
   366 | D:5      | Noticed an orc priest
   371 | D:5      | Noticed an iguana
   389 | D:5      | Noticed an orc priest
   423 | D:5      | Noticed an ogre
   430 | D:5      | Noticed a jelly
   436 | D:5      | Killed a jelly
   437 | D:5      | Reached skill level 1 in Spellcasting
   437 | D:5      | Reached skill level 1 in Conjurations
   437 | D:5      | Reached skill level 1 in Fire Magic
   437 | D:5      | Reached XP level 2. HP: 18/18 MP: 4/6
   437 | D:5      | Reached XP level 3. HP: 22/22 MP: 4/7
   456 | D:5      | Identified the +8 quarterstaff "Viaph" {venom, Str+4}
   527 | D:4      | Noticed a scorpion
   535 | D:4      | Killed a scorpion
   536 | D:4      | Reached XP level 4. HP: 27/27 MP: 7/9
   655 | D:4      | Noticed an ogre
   739 | D:4      | Killed an ogre
   740 | D:4      | Reached XP level 5. HP: 6/31 MP: 9/11
   862 | D:4      | HP: 1/31 [orc (3)]
   862 | D:4      | Slain by an orc

Illustrated notes

Levels and vault maps discovered:
D:3:      layout_rooms, chequers_temple_overflow_statue_of_worship
D:4:      layout_loops_corners
D:5:      layout_basic, st_stairs_11, minmay_misc_feat_roman,
          chequers_serial_rivers_room_b

Skill      XL: |  1  2  3  4  5 |
---------------+----------------+-----
Spellcasting   | 1 2 3 |  3.0
Conjurations   | 1 2 3 |  3.7
Fire Magic     | 1 2 3 |  3.7
Fighting       | |  2.4
Short Blades   | |  2.0
Dodging        | |  2.4
Stealth        | |  6.0

Action                   |  1- 3 |  4- 6 || total
-------------------------+-------+-------++-------
Melee: Short sword       |     3 |       ||     3
       Quarterstaff      |     4 |    20 ||    24
Throw: Dart              |     2 |       ||     2
Evoke: Wand              |     3 |       ||     3
 Stab: Sleeping          |     1 |       ||     1
Armor: Leather armour    |       |     5 ||     5
Dodge: Dodged            |     2 |    11 ||    13

Table legend: (Time is in decaauts)
 A = Elapsed time spent in this place.
 B = Non-inter-level travel time spent in this place.
 C = Inter-level travel time spent in this place.
 D = Time resting spent in this place.
 E = Time spent auto-exploring this place.
 F = Levels seen in this place.
 G = Mean time per level.
                   A        B        C        D        E       F      G
               +--------+--------+--------+--------+--------+-----+--------+
         Total |    869 |    869 |      0 |      0 |      0 |   3 |  289.7 |
       Dungeon |    869 |    869 |      0 |      0 |      0 |   3 |  289.7 |
               +--------+--------+--------+--------+--------+-----+--------+

Top non-repeatable levels by time:
     D:5: 489 daAuts
     D:4: 373 daAuts
     D:3: 5 daAuts
